NYP
VANCOUVER CANADIANS @ LOWELL SPINNERS
09/19/2049
 
TOP OF THE 1ST
Vancouver Canadians batting - Pitching for Lowell Spinners : RHP Nherbert Silivan
Pitching: RHP Nherbert Silivan
Batting: SHB Tim Hone 0-0: Called Strike
0-1: Foul Ball, location: 2F
0-2: Ball
1-2: Fly out, F9 (Flyball, 9, EV 86.2 MPH)
Batting: RHB Terry Plumley 0-0: Ball
1-0: Ball
2-0: Called Strike
2-1: Ground out 5-3 (Groundball, 56S, EV 77.5 MPH)
Batting: RHB Adam O'Hare 0-0: Ball
1-0: Swinging Strike
1-1: Ball
2-1: Ball
3-1: Called Strike
3-2: Strikes out swinging
Top of the 1st over - 0 runs, 0 hits, 0 errors, 0 left on base; Vancouver 0 - Lowell 0
BOTTOM OF THE 1ST
Lowell Spinners batting - Pitching for Vancouver Canadians : RHP Jorge Guerrero
Pitching: RHP Jorge Guerrero
Batting: LHB Eric Gaugler 0-0: Ball
1-0: Ball
2-0: Ball
3-0: Base on Balls
Batting: LHB Kevin Rolison 0-0: Called Strike
0-1: Foul Ball, location: 2F
0-2: Ball
1-2: Foul Ball, location: 2F
1-2: Ground out 4-3 (Groundball, 34, EV 88.1 MPH)
Eric Gaugler to second
Batting: LHB Danny Montoya 0-0: Ball
1-0: Called Strike
1-1: Foul Ball, location: 2F
1-2: Ball
2-2: Foul Ball, location: 2F
2-2: Ground out 4-3 (Groundball, 4, EV 87.5 MPH)
Eric Gaugler to third
Batting: LHB Javier Cajina 0-0: Ball
Wild Pitch!
Eric Gaugler scores
1-0: SINGLE (Flyball, 34D, EV 86.2 MPH)
Batting: RHB Willie Camacho 0-0: Called Strike
0-1: Foul Ball, location: 2F
0-2: Ball
1-2: SINGLE (Groundball, 6D, EV 103.1 MPH)
Javier Cajina to second
Batting: RHB Bakhtiar Asadov 0-0: Swinging Strike
0-1: Called Strike
0-2: Foul Ball, location: 2F
0-2: Foul Ball, location: 2F
0-2: Ball
1-2: Ball
2-2: Foul Ball, location: 2F
2-2: Strikes out swinging
Bottom of the 1st over - 1 run, 2 hits, 0 errors, 2 left on base; Vancouver 0 - Lowell 1
TOP OF THE 2ND
Vancouver Canadians batting - Pitching for Lowell Spinners : RHP Nherbert Silivan
Batting: RHB Jorge Cruz 0-0: Ball
1-0: TRIPLE (Flyball, 9D, EV 99.4 MPH)
Batting: RHB Yojiro Hayashi 0-0: Foul Ball, location: 2F
0-1: Fly out, F1 (Popup, 13, EV 88.8 MPH)
Batting: RHB John Rios 0-0: Ball
1-0: Foul Ball, location: 2F
1-1: Ground out 4-3 (Groundball, 4, EV 82.5 MPH)
Jorge Cruz scores
Batting: RHB Jamie Ogilvie 0-0: Ball
1-0: Ball
2-0: Swinging Strike
2-1: SOLO HOME RUN (Flyball, 7LD, EV 94.4 MPH), Distance : 347 ft
Batting: RHB Luis Reyes 0-0: Ground out 6-3 (Groundball, 6, EV 86.9 MPH)
Top of the 2nd over - 2 runs, 2 hits, 0 errors, 0 left on base; Vancouver 2 - Lowell 1
BOTTOM OF THE 2ND
Lowell Spinners batting - Pitching for Vancouver Canadians : RHP Jorge Guerrero
Batting: RHB Mike Strey 0-0: Called Strike
0-1: Ball
1-1: Ball
2-1: Ground out 5-3 (Groundball, 56S, EV 64.4 MPH)
Batting: RHB Rogelio Cervantes 0-0: Called Strike
0-1: Called Strike
0-2: Strikes out swinging
Batting: RHB Roger Mitchell 0-0: Ball
1-0: Swinging Strike
1-1: Ball
2-1: Swinging Strike
2-2: Strikes out looking
Bottom of the 2nd over - 0 runs, 0 hits, 0 errors, 0 left on base; Vancouver 2 - Lowell 1
TOP OF THE 3RD
Vancouver Canadians batting - Pitching for Lowell Spinners : RHP Nherbert Silivan
Batting: RHB Jose Ontiveros 0-0: Ball
1-0: Ball
2-0: Ball
3-0: Base on Balls
Batting: SHB Tim Hone 0-0: Called Strike
0-1: Ball
1-1: Called Strike
Jose Ontiveros is caught stealing 2nd base 2-6
1-2: Ball
2-2: Fly out, F8 (Flyball, 8RS, EV 93.1 MPH)
Batting: RHB Terry Plumley 0-0: Called Strike
0-1: Ball
1-1: Ground out 4-3 (Groundball, 4M, EV 105.0 MPH)
Top of the 3rd over - 0 runs, 0 hits, 0 errors, 0 left on base; Vancouver 2 - Lowell 1
BOTTOM OF THE 3RD
Lowell Spinners batting - Pitching for Vancouver Canadians : RHP Jorge Guerrero
Batting: LHB Eric Gaugler 0-0: Called Strike
0-1: Swinging Strike
0-2: SINGLE (Groundball, 13S, EV 73.8 MPH) (infield hit)
Batting: LHB Kevin Rolison 0-0: Called Strike
Eric Gaugler steals 2nd, throwing error, E2
Eric Gaugler to third
0-1: Called Strike
0-2: Ball
1-2: DOUBLE (Line Drive, 9LM, EV 101.9 MPH)
Eric Gaugler scores
Batting: LHB Danny Montoya 0-0: Ball
1-0: Foul Ball, location: 2F
1-1: Fly out, F9 (Flyball, 89S, EV 91.9 MPH)
Batting: LHB Javier Cajina 0-0: Ball
1-0: SINGLE (Groundball, 34S, EV 76.2 MPH) (infield hit)
Kevin Rolison to third
Batting: RHB Willie Camacho 0-0: Called Strike
Javier Cajina steals 2nd base (no throw)
0-1: Ball
1-1: Ball
2-1: Called Strike
2-2: Strikes out swinging
Batting: RHB Bakhtiar Asadov 0-0: Ball
1-0: Called Strike
1-1: Foul Ball, location: 2F
1-2: Foul Ball, location: 2F
1-2: SINGLE (Line Drive, 9LS, EV 108.8 MPH)
Kevin Rolison scores
Javier Cajina to third
Runner from 3rd tries for Home, SAFE, throw by RF to home
Batting: RHB Mike Strey 0-0: Fielders Choice at 2nd, 6-4 (Groundball, 6, EV 103.8 MPH)
Bottom of the 3rd over - 3 runs, 4 hits, 1 error, 1 left on base; Vancouver 2 - Lowell 4
TOP OF THE 4TH
Vancouver Canadians batting - Pitching for Lowell Spinners : RHP Nherbert Silivan
Batting: RHB Adam O'Hare 0-0: Ball
1-0: Ball
2-0: Called Strike
2-1: Ground out 5-3 (Groundball, 5S, EV 88.8 MPH)
Batting: RHB Jorge Cruz 0-0: Ball
1-0: Called Strike
1-1: Foul Ball, location: 2F
1-2: Ball
2-2: Strikes out swinging
Batting: RHB Yojiro Hayashi 0-0: Fly out, F4 (Line Drive, 4, EV 72.5 MPH)
Top of the 4th over - 0 runs, 0 hits, 0 errors, 0 left on base; Vancouver 2 - Lowell 4
BOTTOM OF THE 4TH
Lowell Spinners batting - Pitching for Vancouver Canadians : RHP Jorge Guerrero
Batting: RHB Rogelio Cervantes 0-0: Ball
1-0: Ball
2-0: Foul Ball, location: 2F
2-1: Swinging Strike
2-2: Foul Ball, location: 2F
2-2: Foul Ball, location: 2F
2-2: Ball
3-2: Foul Ball, location: 2F
3-2: Foul Ball, location: 2F
3-2: Foul Ball, location: 2F
3-2: Foul Ball, location: 2F
3-2: Strikes out swinging
Batting: RHB Roger Mitchell 0-0: Foul Ball, location: 2F
0-1: Ground out 2-3 (Groundball, 2L, EV 66.2 MPH)
Batting: LHB Eric Gaugler 0-0: Foul Ball, location: 2F
0-1: Ball
1-1: Foul Ball, location: 2F
1-2: Foul Ball, location: 2F
1-2: Ball
2-2: Strikes out looking
Bottom of the 4th over - 0 runs, 0 hits, 0 errors, 0 left on base; Vancouver 2 - Lowell 4
TOP OF THE 5TH
Vancouver Canadians batting - Pitching for Lowell Spinners : RHP Nherbert Silivan
Batting: RHB John Rios 0-0: Ball
1-0: Ball
2-0: Foul Ball, location: 2F
2-1: Foul Ball, location: 2F
2-2: Foul Ball, location: 2F
2-2: Ball
3-2: Base on Balls
Batting: RHB Jamie Ogilvie 0-0: Called Strike
0-1: Grounds into double play, 6-4-3 (Groundball, 6, EV 84.4 MPH)
Batting: RHB Luis Reyes 0-0: Ball
1-0: Ball
2-0: Called Strike
2-1: Ball
3-1: Fly out, F9 (Flyball, 9, EV 91.2 MPH)
Top of the 5th over - 0 runs, 0 hits, 0 errors, 0 left on base; Vancouver 2 - Lowell 4
BOTTOM OF THE 5TH
Lowell Spinners batting - Pitching for Vancouver Canadians : RHP Jorge Guerrero
Batting: LHB Kevin Rolison 0-0: Ball
1-0: Ball
2-0: Ball
3-0: Base on Balls
Batting: LHB Danny Montoya 0-0: Ball
1-0: Called Strike
1-1: Foul Ball, location: 2F
1-2: Foul Ball, location: 2F
1-2: Strikes out swinging
Batting: LHB Javier Cajina 0-0: Fly out, F7 (Flyball, 7S, EV 86.2 MPH)
Batting: RHB Willie Camacho 0-0: Fly out, F8 (Flyball, 8RS, EV 95.6 MPH)
Bottom of the 5th over - 0 runs, 0 hits, 0 errors, 1 left on base; Vancouver 2 - Lowell 4
TOP OF THE 6TH
Vancouver Canadians batting - Pitching for Lowell Spinners : RHP Nherbert Silivan
Batting: RHB Jose Ontiveros 0-0: Ball
1-0: Foul Ball, location: 2F
1-1: Foul Ball, location: 2F
1-2: Foul Ball, location: 2F
1-2: Reached on error, E5 (Groundball, 56, EV 86.9 MPH)
Batting: SHB Tim Hone 0-0: Ball
Wild Pitch!
Jose Ontiveros to second
1-0: Ball
2-0: Called Strike
2-1: Called Strike
2-2: Ball
3-2: Ground out 4-3 (Groundball, 34, EV 84.4 MPH)
Jose Ontiveros to third
Batting: RHB Terry Plumley 0-0: Ground out 3-1 (Groundball, 34, EV 101.9 MPH)
Jose Ontiveros scores
Batting: RHB Adam O'Hare 0-0: Hit by Pitch
Batting: RHB Jorge Cruz 0-0: Ball
Adam O'Hare steals 2nd base
1-0: Foul Ball, location: 2F
1-1: Fly out, F7 (Flyball, 7, EV 93.1 MPH)
Top of the 6th over - 1 run, 0 hits, 1 error, 1 left on base; Vancouver 3 - Lowell 4
BOTTOM OF THE 6TH
Lowell Spinners batting - Pitching for Vancouver Canadians : RHP Jorge Guerrero
Pitching: LHP Kevin Turner
Batting: RHB Bakhtiar Asadov 0-0: Ball
1-0: Ball
2-0: Called Strike
2-1: Fly out, F8 (Line Drive, 89M, EV 96.2 MPH)
Batting: RHB Mike Strey 0-0: Ball
1-0: Ball
2-0: Called Strike
2-1: Swinging Strike
2-2: Strikes out looking
Batting: RHB Rogelio Cervantes 0-0: Foul Ball, location: 2F
0-1: SINGLE (Line Drive, 8RS, EV 99.4 MPH)
Batting: RHB Roger Mitchell 0-0: Called Strike
0-1: Ball
1-1: Ball
Rogelio Cervantes is caught stealing 2nd base 2-4
Bottom of the 6th over - 0 runs, 1 hit, 0 errors, 0 left on base; Vancouver 3 - Lowell 4
TOP OF THE 7TH
Vancouver Canadians batting - Pitching for Lowell Spinners : RHP Nherbert Silivan
Batting: RHB Yojiro Hayashi 0-0: Ball
1-0: Ball
2-0: Called Strike
2-1: Ball
3-1: Foul Ball, location: 2F
3-2: Foul Ball, location: 2F
3-2: Strikes out swinging, 2-3 out at first.
Pitching: RHP Mike Goodwin
Batting: RHB John Rios 0-0: Foul Ball, location: 2F
0-1: Ball
1-1: Ball
2-1: Foul Ball, location: 2F
2-2: Ball
3-2: Fly out, F8 (Flyball, 8LD, EV 70.6 MPH)
Pinch Hitting: LHB Chris Fandino 0-0: Foul Ball, location: 2F
0-1: Ball
1-1: Ground out 4-3 (Groundball, 4, EV 80.6 MPH)
Top of the 7th over - 0 runs, 0 hits, 0 errors, 0 left on base; Vancouver 3 - Lowell 4
BOTTOM OF THE 7TH
Lowell Spinners batting - Pitching for Vancouver Canadians : LHP Kevin Turner
Now at 3B: Selam Chimsima
Batting: RHB Roger Mitchell 0-0: Swinging Strike
0-1: Ball
1-1: Ball
2-1: Foul Ball, location: 2F
2-2: Strikes out looking
Batting: LHB Eric Gaugler 0-0: Ball
1-0: Called Strike
1-1: Fly out, F4 (Line Drive, 4MD, EV 66.2 MPH)
Batting: LHB Kevin Rolison 0-0: Foul Ball, location: 2F
0-1: Foul Ball, location: 2F
0-2: SOLO HOME RUN (Flyball, 9D, EV 103.1 MPH), Distance : 392 ft
Batting: LHB Danny Montoya 0-0: Ball
1-0: Ball
2-0: SINGLE (Groundball, 4MD, EV 96.9 MPH)
Batting: LHB Javier Cajina 0-0: Foul Ball, location: 2F
0-1: Fielders Choice at 2nd, 6-4 (Groundball, 6, EV 91.9 MPH)
Bottom of the 7th over - 1 run, 2 hits, 0 errors, 1 left on base; Vancouver 3 - Lowell 5
TOP OF THE 8TH
Vancouver Canadians batting - Pitching for Lowell Spinners : RHP Mike Goodwin
Pinch Hitting: LHB Chris Munguia 0-0: Ball
1-0: Ball
2-0: Fly out, F7 (Flyball, 7, EV 93.1 MPH)
Pinch Hitting: LHB Rodrigo Briceno 0-0: SINGLE (Flyball, 4D, EV 90.0 MPH)
Batting: SHB Tim Hone 0-0: Swinging Strike
0-1: Foul Ball, location: 2F
0-2: Strikes out swinging
Batting: RHB Terry Plumley 0-0: Ball
1-0: Fly out, F7 (Flyball, 7LM, EV 90.0 MPH)
Top of the 8th over - 0 runs, 1 hit, 0 errors, 1 left on base; Vancouver 3 - Lowell 5
BOTTOM OF THE 8TH
Lowell Spinners batting - Pitching for Vancouver Canadians : LHP Kevin Turner
Now at SS: Jose Garza
Now in CF: Tim Hone
Now in RF: Chris Munguia
Batting: RHB Willie Camacho 0-0: Ball
1-0: Foul Ball, location: 2F
1-1: Called Strike
1-2: Ball
2-2: Strikes out looking
Batting: RHB Bakhtiar Asadov 0-0: Ball
1-0: Ball
2-0: Foul Ball, location: 2F
2-1: Foul Ball, location: 2F
2-2: Foul Ball, location: 2F
2-2: SINGLE (Flyball, 34D, EV 87.5 MPH)
Pitching: RHP Jeremy Thomsen
Batting: RHB Mike Strey 0-0: DOUBLE (Line Drive, 3D, EV 104.4 MPH)
Bakhtiar Asadov to third
Runner from 3rd tries for Home, throw by RF and OUT! 9-4-2
Mike Strey to third
Batting: RHB Rogelio Cervantes 0-0: Ball
1-0: Called Strike
1-1: Ball
2-1: Ground out U3 (Groundball, 3, EV 99.4 MPH)
Bottom of the 8th over - 0 runs, 2 hits, 0 errors, 1 left on base; Vancouver 3 - Lowell 5
TOP OF THE 9TH
Vancouver Canadians batting - Pitching for Lowell Spinners : RHP Mike Goodwin
Pitching: LHP Ken Berger
Batting: RHB Adam O'Hare 0-0: Ball
1-0: Called Strike
1-1: Ball
2-1: Ground out 5-3 (Groundball, 5L, EV 75.6 MPH)
Batting: RHB Jorge Cruz 0-0: Called Strike
0-1: Swinging Strike
0-2: Ball
1-2: Ball
2-2: Strikes out swinging, 2-3 out at first.
Batting: RHB Yojiro Hayashi 0-0: Swinging Strike
0-1: Ball
1-1: Foul Ball, location: 2F
1-2: Ball
2-2: Strikes out swinging
Top of the 9th over - 0 runs, 0 hits, 0 errors, 0 left on base; Vancouver 3 - Lowell 5
Sunday, July 16th , 2023 - OOTP Baseball 24.6 Build 69